cohdb
Replays
Latest Replays
All Replays
Popular Replays
Top Player Replays
Match Explorer
How It Works
Community
CoH3 Stats
Reddit
Sign in to upload your games and track your stats! →
Sign in with Steam
Match 41065270
Unlisted
Match 41065270
Overview
Messages
Build Orders
End
Construct Barracks
Riflemen Squad
Selects Advanced Infantry Battlegroup
Riflemen Squad
Riflemen Squad
Grenade Package
Selects Ammunition Storage
Construct Medical Station
Engineer Squad
Infantry Support Center
Selects M2A1 105mm Howitzer Emplacement
Construct Motor Pool
Selects Free Fire Drills
Selects Convert to Ranger Squad
Selects Designate Assault Position
M1 Anti-tank Gun Team
M1 Anti-tank Gun Team
Construct Tank Depot
Selects Ranger Weapon Training
Advanced Logistics
Convert to Ranger Squad
Munitions Surplus
Construct Weapon Support Center
Improved M9 Bazooka Rockets
Captain Retinue
Convert to Ranger Squad
Designate Assault Position
Construct Tank Depot
M1 Mortar Team
M1 Mortar Team
.30 cal Machine Gun
Scout Squad
CAuMOH
Asuka top soska>З
Swan
BÖRK
0
0
Comments
sign in to comment!
No comments posted yet!